Stars vs Blues

Created - 21 avril 2024 at 17:08

Goals
1 2 3 T
Stars 1 2 3 6
Blues 1 0 0 1
Shots
1 2 3 T
Stars 13 14 10 37
Blues 20 13 7 40

GoalsPenalties
1st period
1. Stars , Brayden Schenn 20 (Marc Staal 19, Dylan Strome 30) at 5:01
2. Blues , Artturi Lehkonen 30 (Patrik Laine 40, Pavel Buchnevich 28) at 11:25
John Klingberg (DAL) for Hooking (Minor) at 12:04
2nd period
3. Stars , Mikko Rantanen 34 (Gabriel Landeskog 35, Rafael Harvey-Pinard 20) at 11:52 (PP)
4. Stars , Dylan Strome 20 (Mike Reilly 13, Colin Blackwell 16) at 12:08
Gabriel Landeskog (DAL) for Elbowing (Minor) at 8:23
Jack Johnson (STL) for Holding (Minor) at 11:36
3rd period
5. Stars , Jacob Peterson 16 (Sam Lafferty 15) at 3:25
6. Stars , Brayden Schenn 21 (Anders Lee 25) at 4:56 (PP)
7. Stars , Gabriel Landeskog 35 (Anders Lee 26) at 15:12
Evan Rodrigues (STL) for Slashing (Minor) at 4:23
Jamie Benn (STL) for Fighting (Major) at 5:10
Gabriel Landeskog (DAL) for Fighting (Major) at 5:10
Mikko Rantanen (DAL) for Hooking (Minor) at 6:40
Corey Perry (DAL) for Boarding (Minor) at 12:02
Jamie Benn (STL) for Fighting (Major) at 16:54
Ryan Strome (DAL) for Fighting (Major) at 16:54
Goalie Stats
Karel Vejmelka (DAL), 39 saves from 40 shots - (0,975), W, 10-7-0, 60:00 minutes
Vadim Zherenko (STL), 31 saves from 37 shots - (0,838), L, 8-17-0, 60:00 minutes
3 StarsOfficial
1 - Karel Vejmelka (DAL)
2 - Brayden Schenn (DAL)
3 - Dylan Strome (DAL)
Referees : Brian Pochmara and Brandon Blandina
Linesman : Jim Harper and Shandor Alphonso
Game Note
Mike Reilly is injured at 1:49 of 3rd period (Sprained Right Ankle)
Gabriel Landeskog beats up Jamie Benn at 5:10 of 3rd period
Jamie Benn and Ryan Strome fight to a draw at 16:54 of 3rd period
Finance
Level 1 -- Attendance: 5819 (96,98%) -- Ticket Income $581,900
Level 2 -- Attendance: 5000 (100,00%) -- Ticket Income $300,000
Level 3 -- Attendance: 2000 (100,00%) -- Ticket Income $80,000
Level 4 -- Attendance: 2694 (67,35%) -- Ticket Income $80,820
Luxury Box -- Attendance: 939 (93,90%) -- Ticket Income $187,800
Game was played at the St.Louis Garden.
Total Attendance: 16452 (91,40%)
Total Ticket Income: $1,230,520
Other Income: $602,955
Total Income: $1,833,475



Team Name Goals Shots Shots Attemp Shots Blocked PIM HIT PP PK FO%
Stars 637561318222 / 2 (100%)058%
Blues 14069414210 / 4 (0%)242%

Stars
Player Name POS G A P +/- PIM HIT SHT SB MP PP MP PP SHT PK MP PK SHT FO% FOT GA TA
Anders LeeC/LW0221032017:000:1100:00050% 200
Brayden SchennC/LW/RW2022012116:170:1112:160100% 110
Colin BlackwellC/LW/RW0112001012:220:0000:00050% 200
Corey PerryRW000-1200011:520:0000:0000% 010
Dylan StromeC/LW1122004013:060:1100:00050% 600
Gabriel LandeskogC/LW1121723016:210:3800:00069% 1300
Jacob PetersonC/LW1011015011:090:0001:0800% 001
John KlingbergD0002201018:370:0000:0000% 000
Marc StaalD0111001322:420:4904:5500% 001
Matt GrzelcykD0001001222:380:0003:0100% 000
Mike ReillyD0110011111:490:0000:0000% 000
Mikko RantanenC/LW/RW1011245017:040:3810:00050% 210
Nick BoninoC/LW/RW0001010214:030:0004:02033% 300
Patrik NemethD0001030121:070:0004:5500% 002
Rafael Harvey-PinardLW011-1026013:540:3802:0610% 010
Ryan StromeC/LW/RW000-1512013:020:0002:06069% 1601
Sam LaffertyC/LW/RW0111032015:430:0004:14040% 1010
Thomas ChabotD0001001323:120:4903:0100% 001
Blues
Player Name POS G A P +/- PIM HIT SHT SB MP PP MP PP SHT PK MP PK SHT FO% FOT GA TA
Artturi LehkonenLW/RW101-2004019:333:3400:49033% 300
Dawson MercerC/RW0000002014:280:4900:0000% 111
Derick BrassardC/LW000000209:240:0000:4900% 000
Evan RodriguesC/LW/RW0000216014:571:0800:00040% 1020
Filip ForsbergLW/RW000-1032019:043:2900:0000% 410
Jack JohnsonD000-2202125:033:5400:0000% 001
Jamie BennC/LW000-21012016:103:0100:00047% 1901
Jarred TinordiD000000000:000:0000:0000% 000
Jordie BennD0000011013:130:0000:4900% 000
Marcus JohanssonC/LW/RW000-1004017:163:1600:00045% 1110
Michael BuntingLW0000044013:300:0000:00050% 201
Morgan RiellyD000-2003226:044:0200:0000% 000
Neal PionkD000-1000020:433:5400:0000% 010
Patrik LaineLW/RW011-2022019:324:1200:00033% 300
Pavel BuchnevichLW/RW011-1033118:314:1600:000100% 100
Rasmus RistolainenD000-1010018:000:0000:4900% 000
Sonny MilanoC/LW/RW000002208:230:0300:000100% 100
Torey KrugD0000011016:564:0200:0000% 001
Wyatt KaiserD000000000:000:0000:0000% 000
Zachary SanfordLW/RW000002008:200:0000:0000% 000

Stars

5 vs 5 Forward
Line #Left WingCenterRight WingPHYDFOFWanted %Time %Time Play
1Anders LeeGabriel LandeskogMikko Rantanen0143335%17:42
2Colin BlackwellDylan StromeBrayden Schenn0142525%12:35
3Rafael Harvey-PinardRyan StromeCorey Perry0232221%10:57
4Jacob PetersonSam LaffertyNick Bonino0232020%10:01
5 vs 5 Defense
Line #DefenseDefensePHYDFOFWanted %Time %Time Play
1Thomas ChabotMarc Staal1313233%16:58
2Patrik NemethMike Reilly1313036%18:14
3Matt GrzelcykJohn Klingberg1312320%10:20
4John KlingbergMatt Grzelcyk1311511%5:43
Power Play Forward
Line #Left WingCenterRight WingPHYDFOFWanted %Time %Time Play
1Rafael Harvey-PinardGabriel LandeskogMikko Rantanen0056078%0:38
2Anders LeeDylan StromeBrayden Schenn0054022%0:11
Power Play Defense
Line #DefenseDefensePHYDFOFWanted %Time %Time Play
1Thomas ChabotMarc Staal01460100%0:49
2John KlingbergMike Reilly014400%0:00
Penalty Kill 4 Players Forward
Line #CenterWingPHYDFOFWanted %Time %Time Play
1Nick BoninoSam Lafferty0506074%5:50
2Ryan StromeRafael Harvey-Pinard0504026%2:06
Penalty Kill 4 Players Defense
Line #DefenseDefensePHYDFOFWanted %Time %Time Play
1Marc StaalPatrik Nemeth1406062%4:55
2Thomas ChabotMatt Grzelcyk1404038%3:01
Penalty Kill 3 Players
Line #WingPHYDFOFWanted %Time %Time PlayDefenseDefensePHYDFOFWanted %Time %Time Play
1Sam Lafferty122600%0:00 Thomas ChabotMatt Grzelcyk122600%0:00
2Ryan Strome122400%0:00 Patrik NemethMike Reilly122400%0:00
4 vs 4 Forward
Line #CenterWingPHYDFOFWanted %Time %Time Play
1Ryan StromeMikko Rantanen122600%0:00
2Dylan StromeAnders Lee122400%0:00
4 vs 4 Defense
Line #DefensePHYDFOFWanted %Time %Time Play
1Matt GrzelcykMike Reilly122600%0:00
2Thomas ChabotPatrik Nemeth122400%0:00
Last Minutes Offensive
Left WingCenterRight WingDefenseDefense
Mikko RantanenRyan StromeBrayden SchennMike ReillyThomas Chabot
Last Minutes Defensive
Left WingCenterRight WingDefenseDefense
Anders LeeSam LaffertyColin BlackwellPatrik NemethMatt Grzelcyk
Time
Total ForwardTotal DefenseLast Minutes OffensiveLast Minutes Defensive
60:00 60:00 0:000:00
Extra Forwards
Normal PowerPlayPenalty Kill
Anders Lee, Dylan Strome, Ryan StromeRafael Harvey-Pinard, Jacob PetersonSam Lafferty
Extra Defensemen
Normal PowerPlayPenalty Kill
Patrik Nemeth, Matt Grzelcyk, Thomas ChabotJohn Klingberg, Matt GrzelcykThomas Chabot
Penalty Shots
Mikko Rantanen, Rafael Harvey-Pinard, Nick Bonino, Jacob Peterson, Sam Lafferty
Goalie
Karel Vejmelka, Tristan Jarry
Custom OT Lines Forwards
Mikko Rantanen, Brayden Schenn, Gabriel Landeskog, Ryan Strome, Anders Lee, Dylan Strome, Corey Perry, Sam Lafferty, Rafael Harvey-Pinard, Jacob Peterson
Custom OT Lines Defensemen
Thomas Chabot, Mike Reilly, Patrik Nemeth, Matt Grzelcyk, John Klingberg
Scratches
Alex Galchenyuk (Healthy), Cam Atkinson (Sore Right Knee Injury), Brad Hunt (Healthy)

Blues

5 vs 5 Forward
Line #Left WingCenterRight WingPHYDFOFWanted %Time %Time Play
1Artturi LehkonenJamie BennPatrik Laine0233430%15:25
2Pavel BuchnevichMarcus JohanssonFilip Forsberg0233227%14:00
3Michael BuntingEvan RodriguesDawson Mercer0232426%13:30
4Derick BrassardSonny MilanoZachary Sanford0231016%8:20
5 vs 5 Defense
Line #DefenseDefensePHYDFOFWanted %Time %Time Play
1Rasmus RistolainenMorgan Rielly1223335%17:41
2Neal PionkJack Johnson1223333%16:49
3Torey KrugJordie Benn1222424%12:24
4Jack JohnsonMorgan Rielly122108%4:21
Power Play Forward
Line #Left WingCenterRight WingPHYDFOFWanted %Time %Time Play
1Pavel BuchnevichJamie BennPatrik Laine1227059%4:40
2Artturi LehkonenMarcus JohanssonFilip Forsberg1223041%3:16
Power Play Defense
Line #DefenseDefensePHYDFOFWanted %Time %Time Play
1Torey KrugMorgan Rielly1226051%4:02
2Neal PionkJack Johnson1224049%3:54
Penalty Kill 4 Players Forward
Line #CenterWingPHYDFOFWanted %Time %Time Play
1Artturi LehkonenDerick Brassard04160100%0:49
2Dawson MercerMarcus Johansson041400%0:00
Penalty Kill 4 Players Defense
Line #DefenseDefensePHYDFOFWanted %Time %Time Play
1Rasmus RistolainenJordie Benn04160100%0:49
2Neal PionkJack Johnson041400%0:00
Penalty Kill 3 Players
Line #WingPHYDFOFWanted %Time %Time PlayDefenseDefensePHYDFOFWanted %Time %Time Play
1Artturi Lehkonen050500%0:00 Rasmus RistolainenJordie Benn050500%0:00
2Marcus Johansson050500%0:00 Neal PionkJack Johnson050500%0:00
4 vs 4 Forward
Line #CenterWingPHYDFOFWanted %Time %Time Play
1Dawson MercerArtturi Lehkonen023500%0:00
2Marcus JohanssonFilip Forsberg023500%0:00
4 vs 4 Defense
Line #DefensePHYDFOFWanted %Time %Time Play
1Torey KrugMorgan Rielly032500%0:00
2Neal PionkJack Johnson032500%0:00
Last Minutes Offensive
Left WingCenterRight WingDefenseDefense
Patrik LaineJamie BennFilip ForsbergRasmus RistolainenMorgan Rielly
Last Minutes Defensive
Left WingCenterRight WingDefenseDefense
Marcus JohanssonArtturi LehkonenFilip ForsbergRasmus RistolainenJack Johnson
Time
Total ForwardTotal DefenseLast Minutes OffensiveLast Minutes Defensive
60:00 60:00 0:000:00
Extra Forwards
Normal PowerPlayPenalty Kill
Filip Forsberg, Dawson Mercer, Derick BrassardEvan Rodrigues, Dawson MercerMichael Bunting
Extra Defensemen
Normal PowerPlayPenalty Kill
Neal Pionk, Torey Krug, Morgan RiellyJack Johnson, Rasmus RistolainenMorgan Rielly
Penalty Shots
Marcus Johansson, Patrik Laine, Filip Forsberg, Jamie Benn, Artturi Lehkonen
Goalie
Vadim Zherenko, Jonathan Quick
Custom OT Lines Forwards
Evan Rodrigues, Dawson Mercer, Artturi Lehkonen, Derick Brassard, Zachary Sanford, Marcus Johansson, Filip Forsberg, Patrik Laine, Michael Bunting, Sonny Milano
Custom OT Lines Defensemen
Rasmus Ristolainen, Neal Pionk, Morgan Rielly, Torey Krug, Jack Johnson
Scratches
Nathan Bastian (Healthy)


Play-by-Play

1st period


0:01 of 1st period - Gabriel Landeskog wins face-off versus Jamie Benn in neutral zone.
0:27 of 1st period - Rasmus Ristolainen is hit by Brayden Schenn and loses puck.
1:18 of 1st period - Wrist shot by Derick Brassard.
1:18 of 1st period - Shot Misses the Net.
1:40 of 1st period - Snap shot by Mikko Rantanen.
1:40 of 1st period - Shot Misses the Net.
2:00 of 1st period - Snap shot by Filip Forsberg.
2:00 of 1st period - Shot Blocked by Brayden Schenn.
2:25 of 1st period - Rasmus Ristolainen is hit by Rafael Harvey-Pinard and loses puck.
2:35 of 1st period - Icing by Evan Rodrigues.
2:36 of 1st period - Evan Rodrigues wins face-off versus Sam Lafferty in Blues zone.
2:36 of 1st period - Evan Rodrigues is hit by Sam Lafferty.
3:04 of 1st period - Snap shot by Gabriel Landeskog.
3:04 of 1st period - Deflect By Mikko Rantanen.
3:04 of 1st period - Shot Blocked by Pavel Buchnevich.
3:04 of 1st period - Puck is out of play.
3:05 of 1st period - Marcus Johansson wins face-off versus Mikko Rantanen in Blues zone.
3:17 of 1st period - Snap shot by Pavel Buchnevich.
3:17 of 1st period - Stopped by Karel Vejmelka with a rebound.
4:37 of 1st period - Snap shot by Marcus Johansson.
4:37 of 1st period - Deflect By Thomas Chabot.
4:37 of 1st period - Stopped by Karel Vejmelka with a rebound.
4:57 of 1st period - Wrist shot by Dylan Strome.
4:57 of 1st period - Stopped by Vadim Zherenko with a rebound.
4:59 of 1st period - Slapshot by Marc Staal.
4:59 of 1st period - Stopped by Vadim Zherenko with a rebound.
5:01 of 1st period - Wrist shot by Brayden Schenn.
5:01 of 1st period - Goal by Brayden Schenn - Stars : 1 - Blues : 0.
5:02 of 1st period - Evan Rodrigues wins face-off versus Ryan Strome in neutral zone.
5:13 of 1st period - Slapshot by Evan Rodrigues.
5:13 of 1st period - Stopped by Karel Vejmelka with a rebound.
5:29 of 1st period - Marcus Johansson is hit by Anders Lee and loses puck.
5:48 of 1st period - Matt Grzelcyk is hit by Sonny Milano.
6:37 of 1st period - Wrist shot by Michael Bunting.
6:37 of 1st period - Shot Blocked by Nick Bonino.
6:39 of 1st period - Slapshot by Morgan Rielly.
6:39 of 1st period - Shot Blocked by Nick Bonino.
6:58 of 1st period - Off-side.
6:59 of 1st period - Ryan Strome wins face-off versus Marcus Johansson in neutral zone.
7:01 of 1st period - Off-side.
7:02 of 1st period - Ryan Strome wins face-off versus Marcus Johansson in neutral zone.
7:05 of 1st period - Slapshot by Rafael Harvey-Pinard.
7:05 of 1st period - Stopped by Vadim Zherenko without a rebound.
7:06 of 1st period - Ryan Strome wins face-off versus Jamie Benn in Blues zone.
7:07 of 1st period - Snap shot by Rafael Harvey-Pinard.
7:07 of 1st period - Stopped by Vadim Zherenko with a rebound.
7:09 of 1st period - Snap shot by Marc Staal.
7:09 of 1st period - Shot Blocked by Morgan Rielly.
7:11 of 1st period - Snap shot by Rafael Harvey-Pinard.
7:11 of 1st period - Deflect By Artturi Lehkonen.
7:11 of 1st period - Stopped by Vadim Zherenko without a rebound.
7:12 of 1st period - Jamie Benn wins face-off versus Dylan Strome in Blues zone.
7:21 of 1st period - Icing by Morgan Rielly.
7:22 of 1st period - Jamie Benn wins face-off versus Colin Blackwell in Blues zone.
7:38 of 1st period - Snap shot by Jamie Benn.
7:38 of 1st period - Stopped by Karel Vejmelka with a rebound.
7:40 of 1st period - Slapshot by Morgan Rielly.
7:40 of 1st period - Shot Blocked by Matt Grzelcyk.
7:42 of 1st period - Slapshot by Artturi Lehkonen.
7:42 of 1st period - Stopped by Karel Vejmelka without a rebound.
7:43 of 1st period - Gabriel Landeskog wins face-off versus Marcus Johansson in Stars zone.
8:40 of 1st period - Corey Perry is hit by Jamie Benn and loses puck.
9:27 of 1st period - Wrist shot by Mikko Rantanen.
9:27 of 1st period - Stopped by Vadim Zherenko with a rebound.
9:29 of 1st period - Snap shot by Anders Lee.
9:29 of 1st period - Shot Misses the Net.
9:47 of 1st period - Slapshot by Nick Bonino.
9:47 of 1st period - Shot Misses the Net.
10:30 of 1st period - Wrist shot by Derick Brassard.
10:30 of 1st period - Shot Blocked by Thomas Chabot.
10:48 of 1st period - Wrist shot by Mikko Rantanen.
10:48 of 1st period - Stopped by Vadim Zherenko with a rebound.
11:21 of 1st period - Wrist shot by Patrik Laine.
11:21 of 1st period - Shot Blocked by Patrik Nemeth.
11:23 of 1st period - Snap shot by Artturi Lehkonen.
11:23 of 1st period - Stopped by Karel Vejmelka with a rebound.
11:25 of 1st period - Snap shot by Artturi Lehkonen.
11:25 of 1st period - Goal by Artturi Lehkonen - Stars : 1 - Blues : 1.
11:26 of 1st period - Gabriel Landeskog wins face-off versus Marcus Johansson in neutral zone.
11:31 of 1st period - Snap shot by Mikko Rantanen.
11:31 of 1st period - Shot Misses the Net.
11:33 of 1st period - Snap shot by Anders Lee.
11:33 of 1st period - Stopped by Vadim Zherenko with a rebound.
11:35 of 1st period - Snap shot by Mikko Rantanen.
11:35 of 1st period - Shot Misses the Net.
11:37 of 1st period - Slapshot by Matt Grzelcyk.
11:37 of 1st period - Shot Misses the Net.
11:39 of 1st period - Wrist shot by Anders Lee.
11:39 of 1st period - Stopped by Vadim Zherenko with a rebound.
11:41 of 1st period - Slapshot by John Klingberg.
11:41 of 1st period - Deflect By Pavel Buchnevich.
11:41 of 1st period - Stopped by Vadim Zherenko with a rebound.
11:53 of 1st period - Dylan Strome is hit by Patrik Laine and loses puck.
12:02 of 1st period - Wrist shot by Patrik Laine.
12:02 of 1st period - Shot Misses the Net.
12:04 of 1st period - Minor Penalty to John Klingberg for Hooking.
12:05 of 1st period - Jamie Benn wins face-off versus Nick Bonino in Stars zone.
12:41 of 1st period - Backhand shot by Artturi Lehkonen.
12:41 of 1st period - Shot Misses the Net.
14:04 of 1st period - Penalty to John Klingberg is over, John Klingberg is back on ice.
14:17 of 1st period - Slapshot by Gabriel Landeskog.
14:17 of 1st period - Stopped by Vadim Zherenko without a rebound.
14:18 of 1st period - Sonny Milano wins face-off versus Gabriel Landeskog in Blues zone.
14:18 of 1st period - Sonny Milano is hit by Mikko Rantanen.
14:49 of 1st period - Snap shot by Derick Brassard.
14:49 of 1st period - Shot Blocked by Matt Grzelcyk.
15:00 of 1st period - Gabriel Landeskog is hit by Zachary Sanford and loses puck.
15:07 of 1st period - Snap shot by Sonny Milano.
15:07 of 1st period - Stopped by Karel Vejmelka with a rebound.
15:21 of 1st period - Off-side.
15:22 of 1st period - Ryan Strome wins face-off versus Marcus Johansson in neutral zone.
15:36 of 1st period - Snap shot by Filip Forsberg.
15:36 of 1st period - Stopped by Karel Vejmelka with a rebound.
15:38 of 1st period - Slapshot by Jack Johnson.
15:38 of 1st period - Stopped by Karel Vejmelka without a rebound.
15:39 of 1st period - Jamie Benn wins face-off versus Sam Lafferty in Stars zone.
15:54 of 1st period - Wrist shot by Artturi Lehkonen.
15:54 of 1st period - Shot Misses the Net.
16:12 of 1st period - Wrist shot by Pavel Buchnevich.
16:12 of 1st period - Stopped by Karel Vejmelka without a rebound.
16:13 of 1st period - Colin Blackwell wins face-off versus Evan Rodrigues in Stars zone.
16:19 of 1st period - Off-side.
16:20 of 1st period - Ryan Strome wins face-off versus Evan Rodrigues in neutral zone.
16:36 of 1st period - Snap shot by Evan Rodrigues.
16:36 of 1st period - Stopped by Karel Vejmelka with a rebound.
17:02 of 1st period - Dylan Strome is hit by Michael Bunting and loses puck.
17:09 of 1st period - Snap shot by Evan Rodrigues.
17:09 of 1st period - Stopped by Karel Vejmelka with a rebound.
18:14 of 1st period - Snap shot by Evan Rodrigues.
18:14 of 1st period - Shot Misses the Net.
18:16 of 1st period - Snap shot by Neal Pionk.
18:16 of 1st period - Shot Misses the Net.
18:18 of 1st period - Snap shot by Michael Bunting.
18:18 of 1st period - Stopped by Karel Vejmelka with a rebound.
18:20 of 1st period - Snap shot by Michael Bunting.
18:20 of 1st period - Stopped by Karel Vejmelka without a rebound.
18:21 of 1st period - Gabriel Landeskog wins face-off versus Patrik Laine in Stars zone.
18:26 of 1st period - Snap shot by Anders Lee.
18:26 of 1st period - Shot Misses the Net.
18:34 of 1st period - Wrist shot by Patrik Laine.
18:34 of 1st period - Stopped by Karel Vejmelka without a rebound.
18:35 of 1st period - Marcus Johansson wins face-off versus Ryan Strome in Stars zone.
19:06 of 1st period - Snap shot by Artturi Lehkonen.
19:06 of 1st period - Stopped by Karel Vejmelka with a rebound.
19:08 of 1st period - Slapshot by Morgan Rielly.
19:08 of 1st period - Stopped by Karel Vejmelka without a rebound.
19:09 of 1st period - Jamie Benn wins face-off versus Sam Lafferty in Stars zone.
19:22 of 1st period - Wrist shot by Sam Lafferty.
19:22 of 1st period - Stopped by Vadim Zherenko without a rebound.
19:23 of 1st period - Marcus Johansson wins face-off versus Gabriel Landeskog in Blues zone.
19:28 of 1st period - Snap shot by Filip Forsberg.
19:28 of 1st period - Shot Misses the Net.
19:30 of 1st period - Slapshot by Marcus Johansson.
19:30 of 1st period - Stopped by Karel Vejmelka with a rebound.
19:54 of 1st period - Slapshot by Sonny Milano.
19:54 of 1st period - Stopped by Karel Vejmelka with a rebound.
Goals for this period are 1 for Stars vs 1 for Blues.
Shots for this period are 13 for Stars vs 20 for Blues.

2nd period


0:01 of 2nd period - Jamie Benn wins face-off versus Sam Lafferty in neutral zone.
1:09 of 2nd period - Mike Reilly is hit by Zachary Sanford and loses puck.
1:34 of 2nd period - Slapshot by Marcus Johansson.
1:34 of 2nd period - Stopped by Karel Vejmelka with a rebound.
1:36 of 2nd period - Slapshot by Morgan Rielly.
1:36 of 2nd period - Stopped by Karel Vejmelka without a rebound.
1:37 of 2nd period - Marcus Johansson wins face-off versus Sam Lafferty in Stars zone.
1:59 of 2nd period - Thomas Chabot is hit by Filip Forsberg.
2:27 of 2nd period - Snap shot by Pavel Buchnevich.
2:27 of 2nd period - Deflect By Ryan Strome.
2:27 of 2nd period - Shot Misses the Net.
2:27 of 2nd period - Puck is out of play.
2:28 of 2nd period - Jamie Benn wins face-off versus Anders Lee in Stars zone.
2:57 of 2nd period - Slapshot by Dawson Mercer.
2:57 of 2nd period - Stopped by Karel Vejmelka with a rebound.
2:59 of 2nd period - Slapshot by Morgan Rielly.
2:59 of 2nd period - Stopped by Karel Vejmelka with a rebound.
3:01 of 2nd period - Slapshot by Evan Rodrigues.
3:01 of 2nd period - Stopped by Karel Vejmelka without a rebound.
3:02 of 2nd period - Michael Bunting wins face-off versus Sam Lafferty in Stars zone.
3:34 of 2nd period - Slapshot by Mikko Rantanen.
3:34 of 2nd period - Stopped by Vadim Zherenko without a rebound.
3:35 of 2nd period - Ryan Strome wins face-off versus Patrik Laine in Blues zone.
4:09 of 2nd period - Snap shot by Pavel Buchnevich.
4:09 of 2nd period - Stopped by Karel Vejmelka with a rebound.
4:43 of 2nd period - Wrist shot by Sonny Milano.
4:43 of 2nd period - Shot Blocked by Thomas Chabot.
5:12 of 2nd period - Wrist shot by Gabriel Landeskog.
5:12 of 2nd period - Stopped by Vadim Zherenko without a rebound.
5:13 of 2nd period - Anders Lee wins face-off versus Jamie Benn in Blues zone.
5:16 of 2nd period - Wrist shot by Gabriel Landeskog.
5:16 of 2nd period - Shot Blocked by Jack Johnson.
5:22 of 2nd period - Wrist shot by Patrik Laine.
5:22 of 2nd period - Deflect By Jamie Benn.
5:22 of 2nd period - Stopped by Karel Vejmelka with a rebound.
5:40 of 2nd period - Neal Pionk is hit by Mike Reilly.
5:48 of 2nd period - Snap shot by Ryan Strome.
5:48 of 2nd period - Stopped by Vadim Zherenko with a rebound.
5:50 of 2nd period - Slapshot by Rafael Harvey-Pinard.
5:50 of 2nd period - Stopped by Vadim Zherenko with a rebound.
6:00 of 2nd period - Snap shot by Michael Bunting.
6:00 of 2nd period - Stopped by Karel Vejmelka with a rebound.
6:02 of 2nd period - Wrist shot by Evan Rodrigues.
6:02 of 2nd period - Stopped by Karel Vejmelka without a rebound.
6:03 of 2nd period - Sam Lafferty wins face-off versus Michael Bunting in Stars zone.
7:30 of 2nd period - Off-side.
7:31 of 2nd period - Sam Lafferty wins face-off versus Evan Rodrigues in neutral zone.
7:46 of 2nd period - Slapshot by Jacob Peterson.
7:46 of 2nd period - Stopped by Vadim Zherenko with a rebound.
7:56 of 2nd period - Wrist shot by Dawson Mercer.
7:56 of 2nd period - Stopped by Karel Vejmelka with a rebound.
7:58 of 2nd period - Wrist shot by Evan Rodrigues.
7:58 of 2nd period - Stopped by Karel Vejmelka with a rebound.
8:00 of 2nd period - Wrist shot by Michael Bunting.
8:00 of 2nd period - Stopped by Karel Vejmelka without a rebound.
8:01 of 2nd period - Gabriel Landeskog wins face-off versus Jamie Benn in Stars zone.
8:23 of 2nd period - Minor Penalty to Gabriel Landeskog for Elbowing.
8:24 of 2nd period - Nick Bonino wins face-off versus Jamie Benn in Stars zone.
10:00 of 2nd period - Jack Johnson is hit by Jacob Peterson and loses puck.
10:13 of 2nd period - Marc Staal is hit by Filip Forsberg and loses puck.
10:23 of 2nd period - Penalty to Gabriel Landeskog is over, Gabriel Landeskog is back on ice.
10:53 of 2nd period - Off-side.
10:54 of 2nd period - Ryan Strome wins face-off versus Evan Rodrigues in neutral zone.
11:36 of 2nd period - Minor Penalty to Jack Johnson for Holding.
11:37 of 2nd period - Artturi Lehkonen wins face-off versus Gabriel Landeskog in Blues zone.
11:52 of 2nd period - Wrist shot by Mikko Rantanen.
11:52 of 2nd period - Goal by Mikko Rantanen - Stars : 2 - Blues : 1.
11:53 of 2nd period - Dylan Strome wins face-off versus Jamie Benn in neutral zone.
11:58 of 2nd period - Snap shot by Dylan Strome.
11:58 of 2nd period - Shot Misses the Net.
12:00 of 2nd period - Wrist shot by Patrik Nemeth.
12:00 of 2nd period - Shot Misses the Net.
12:02 of 2nd period - Wrist shot by Colin Blackwell.
12:02 of 2nd period - Stopped by Vadim Zherenko with a rebound.
12:04 of 2nd period - Snap shot by Mike Reilly.
12:04 of 2nd period - Stopped by Vadim Zherenko with a rebound.
12:06 of 2nd period - Slapshot by Dylan Strome.
12:06 of 2nd period - Stopped by Vadim Zherenko with a rebound.
12:08 of 2nd period - Wrist shot by Dylan Strome.
12:08 of 2nd period - Goal by Dylan Strome - Stars : 3 - Blues : 1.
12:09 of 2nd period - Brayden Schenn wins face-off versus Jamie Benn in neutral zone.
12:36 of 2nd period - Pavel Buchnevich is hit by Anders Lee.
13:20 of 2nd period - Snap shot by Derick Brassard.
13:20 of 2nd period - Stopped by Karel Vejmelka with a rebound.
13:22 of 2nd period - Slapshot by Jordie Benn.
13:22 of 2nd period - Shot Misses the Net.
13:59 of 2nd period - Filip Forsberg is hit by Mikko Rantanen and loses puck.
15:23 of 2nd period - Torey Krug is hit by Gabriel Landeskog and loses puck.
15:28 of 2nd period - Slapshot by Marcus Johansson.
15:28 of 2nd period - Shot Misses the Net.
15:50 of 2nd period - Wrist shot by Jacob Peterson.
15:50 of 2nd period - Stopped by Vadim Zherenko with a rebound.
16:17 of 2nd period - Marc Staal is hit by Evan Rodrigues and loses puck.
16:28 of 2nd period - Neal Pionk is hit by Mikko Rantanen and loses puck.
17:24 of 2nd period - Wrist shot by Patrik Laine.
17:24 of 2nd period - Shot Misses the Net.
17:36 of 2nd period - Snap shot by Jacob Peterson.
17:36 of 2nd period - Stopped by Vadim Zherenko with a rebound.
18:21 of 2nd period - Anders Lee is hit by Sonny Milano and loses puck.
18:44 of 2nd period - Snap shot by Ryan Strome.
18:44 of 2nd period - Stopped by Vadim Zherenko with a rebound.
19:13 of 2nd period - Wrist shot by Dylan Strome.
19:13 of 2nd period - Stopped by Vadim Zherenko without a rebound.
19:14 of 2nd period - Dylan Strome wins face-off versus Filip Forsberg in Blues zone.
19:23 of 2nd period - Jack Johnson is hit by Patrik Nemeth and loses puck.
Goals for this period are 2 for Stars vs 0 for Blues.
Shots for this period are 14 for Stars vs 13 for Blues.

3rd period


0:01 of 3rd period - Gabriel Landeskog wins face-off versus Jamie Benn in neutral zone.
0:14 of 3rd period - Backhand shot by Artturi Lehkonen.
0:14 of 3rd period - Shot Blocked by Thomas Chabot.
0:16 of 3rd period - Wrist shot by Jamie Benn.
0:16 of 3rd period - Shot Blocked by Marc Staal.
1:04 of 3rd period - Snap shot by Mikko Rantanen.
1:04 of 3rd period - Stopped by Vadim Zherenko with a rebound.
1:43 of 3rd period - Slapshot by Filip Forsberg.
1:43 of 3rd period - Stopped by Karel Vejmelka with a rebound.
1:45 of 3rd period - Snap shot by Marcus Johansson.
1:45 of 3rd period - Stopped by Karel Vejmelka with a rebound.
1:47 of 3rd period - Slapshot by Jack Johnson.
1:47 of 3rd period - Stopped by Karel Vejmelka with a rebound.
1:49 of 3rd period - Wrist shot by Pavel Buchnevich.
1:49 of 3rd period - Shot Blocked by Mike Reilly.
1:49 of 3rd period - Mike Reilly from Stars is injured at 1:49 of 3rd period (Sprained Right Ankle).
1:50 of 3rd period - Jamie Benn wins face-off versus Ryan Strome in Stars zone.
2:31 of 3rd period - Icing by Marc Staal.
2:32 of 3rd period - Evan Rodrigues wins face-off versus Dylan Strome in Stars zone.
2:47 of 3rd period - Dylan Strome is hit by Michael Bunting and loses puck.
3:25 of 3rd period - Wrist shot by Jacob Peterson.
3:25 of 3rd period - Goal by Jacob Peterson - Stars : 4 - Blues : 1.
3:26 of 3rd period - Jamie Benn wins face-off versus Ryan Strome in neutral zone.
3:53 of 3rd period - Jack Johnson is hit by Sam Lafferty and loses puck.
4:23 of 3rd period - Minor Penalty to Evan Rodrigues for Slashing.
4:24 of 3rd period - Gabriel Landeskog wins face-off versus Artturi Lehkonen in Blues zone.
4:41 of 3rd period - Derick Brassard is hit by Rafael Harvey-Pinard and loses puck.
4:54 of 3rd period - Slapshot by Anders Lee.
4:54 of 3rd period - Shot Misses the Net.
4:56 of 3rd period - Snap shot by Brayden Schenn.
4:56 of 3rd period - Goal by Brayden Schenn - Stars : 5 - Blues : 1.
4:57 of 3rd period - Gabriel Landeskog wins face-off versus Jamie Benn in neutral zone.
5:00 of 3rd period - Artturi Lehkonen is hit by Anders Lee and loses puck.
5:05 of 3rd period - Snap shot by Gabriel Landeskog.
5:05 of 3rd period - Shot Misses the Net.
5:07 of 3rd period - Slapshot by John Klingberg.
5:07 of 3rd period - Shot Misses the Net.
5:09 of 3rd period - Slapshot by Gabriel Landeskog.
5:09 of 3rd period - Shot Misses the Net.
5:10 of 3rd period - Gabriel Landeskog beats up Jamie Benn.
5:10 of 3rd period - Penalty to Jamie Benn for Fighting.
5:10 of 3rd period - Penalty to Gabriel Landeskog for Fighting.
5:11 of 3rd period - Ryan Strome wins face-off versus Filip Forsberg in Blues zone.
5:27 of 3rd period - Off-side.
5:28 of 3rd period - Evan Rodrigues wins face-off versus Dylan Strome in neutral zone.
5:41 of 3rd period - Wrist shot by Anders Lee.
5:41 of 3rd period - Shot Misses the Net.
5:43 of 3rd period - Slapshot by Matt Grzelcyk.
5:43 of 3rd period - Deflect By Torey Krug.
5:43 of 3rd period - Stopped by Vadim Zherenko without a rebound.
5:44 of 3rd period - Sam Lafferty wins face-off versus Filip Forsberg in Blues zone.
5:55 of 3rd period - Slapshot by Jacob Peterson.
5:55 of 3rd period - Stopped by Vadim Zherenko with a rebound.
6:09 of 3rd period - Dylan Strome is hit by Michael Bunting.
6:40 of 3rd period - Minor Penalty to Mikko Rantanen for Hooking.
6:41 of 3rd period - Sam Lafferty wins face-off versus Evan Rodrigues in Stars zone.
8:13 of 3rd period - Nick Bonino is hit by Pavel Buchnevich and loses puck.
8:30 of 3rd period - Torey Krug is hit by Ryan Strome and loses puck.
8:34 of 3rd period - Icing by Torey Krug.
8:35 of 3rd period - Ryan Strome wins face-off versus Dawson Mercer in Blues zone.
8:36 of 3rd period - Snap shot by Rafael Harvey-Pinard.
8:36 of 3rd period - Stopped by Vadim Zherenko without a rebound.
8:37 of 3rd period - Pavel Buchnevich wins face-off versus Ryan Strome in Blues zone.
8:40 of 3rd period - Penalty to Mikko Rantanen is over, Mikko Rantanen is back on ice.
8:44 of 3rd period - Snap shot by Pavel Buchnevich.
8:44 of 3rd period - Shot Misses the Net.
9:26 of 3rd period - Wrist shot by Mikko Rantanen.
9:26 of 3rd period - Shot Misses the Net.
9:32 of 3rd period - Matt Grzelcyk is hit by Pavel Buchnevich and loses puck.
9:45 of 3rd period - Jack Johnson is hit by Sam Lafferty and loses puck.
10:27 of 3rd period - Snap shot by Torey Krug.
10:27 of 3rd period - Stopped by Karel Vejmelka with a rebound.
10:29 of 3rd period - Slapshot by Derick Brassard.
10:29 of 3rd period - Stopped by Karel Vejmelka without a rebound.
10:30 of 3rd period - Mikko Rantanen wins face-off versus Artturi Lehkonen in Stars zone.
10:40 of 3rd period - Snap shot by Artturi Lehkonen.
10:40 of 3rd period - Shot Misses the Net.
10:42 of 3rd period - Slapshot by Jordie Benn.
10:42 of 3rd period - Shot Misses the Net.
10:44 of 3rd period - Wrist shot by Artturi Lehkonen.
10:44 of 3rd period - Shot Misses the Net.
10:46 of 3rd period - Snap shot by Jordie Benn.
10:46 of 3rd period - Stopped by Karel Vejmelka with a rebound.
11:04 of 3rd period - Pavel Buchnevich is hit by Mikko Rantanen and loses puck.
11:19 of 3rd period - Snap shot by Rafael Harvey-Pinard.
11:19 of 3rd period - Stopped by Vadim Zherenko without a rebound.
11:20 of 3rd period - Ryan Strome wins face-off versus Evan Rodrigues in Blues zone.
11:56 of 3rd period - Slapshot by Artturi Lehkonen.
11:56 of 3rd period - Shot Blocked by Marc Staal.
11:58 of 3rd period - Snap shot by Patrik Laine.
11:58 of 3rd period - Stopped by Karel Vejmelka without a rebound.
11:59 of 3rd period - Ryan Strome wins face-off versus Marcus Johansson in Stars zone.
11:59 of 3rd period - Ryan Strome is hit by Pavel Buchnevich.
12:02 of 3rd period - Minor Penalty to Corey Perry for Boarding.
12:03 of 3rd period - Patrik Laine wins face-off versus Nick Bonino in Stars zone.
12:07 of 3rd period - Snap shot by Patrik Laine.
12:07 of 3rd period - Shot Blocked by Marc Staal.
12:29 of 3rd period - Sam Lafferty is hit by Torey Krug and loses puck.
12:50 of 3rd period - Pavel Buchnevich is hit by Patrik Nemeth and loses puck.
14:02 of 3rd period - Penalty to Corey Perry is over, Corey Perry is back on ice.
14:37 of 3rd period - Slapshot by Sam Lafferty.
14:37 of 3rd period - Deflect By Dawson Mercer.
14:37 of 3rd period - Stopped by Vadim Zherenko with a rebound.
14:57 of 3rd period - Slapshot by Thomas Chabot.
14:57 of 3rd period - Stopped by Vadim Zherenko without a rebound.
14:58 of 3rd period - Gabriel Landeskog wins face-off versus Jamie Benn in Blues zone.
15:12 of 3rd period - Backhand shot by Gabriel Landeskog.
15:12 of 3rd period - Goal by Gabriel Landeskog - Stars : 6 - Blues : 1.
15:13 of 3rd period - Marcus Johansson wins face-off versus Gabriel Landeskog in neutral zone.
16:35 of 3rd period - Slapshot by Rasmus Ristolainen.
16:35 of 3rd period - Shot Misses the Net.
16:54 of 3rd period - Jamie Benn and Ryan Strome fight to a draw.
16:54 of 3rd period - Penalty to Jamie Benn for Fighting.
16:54 of 3rd period - Penalty to Ryan Strome for Fighting.
16:55 of 3rd period - Dylan Strome wins face-off versus Filip Forsberg in neutral zone.
17:00 of 3rd period - Wrist shot by Brayden Schenn.
17:00 of 3rd period - Shot Blocked by Morgan Rielly.
17:20 of 3rd period - Anders Lee is hit by Rasmus Ristolainen and loses puck.
17:59 of 3rd period - Derick Brassard is hit by Patrik Nemeth and loses puck.
18:47 of 3rd period - Filip Forsberg is hit by Nick Bonino.
18:57 of 3rd period - Michael Bunting is hit by Gabriel Landeskog and loses puck.
19:06 of 3rd period - Mikko Rantanen is hit by Michael Bunting and loses puck.
19:16 of 3rd period - Thomas Chabot is hit by Jordie Benn and loses puck.
19:33 of 3rd period - Marc Staal is hit by Patrik Laine and loses puck.
19:48 of 3rd period - John Klingberg is hit by Filip Forsberg and loses puck.
Goals for this period are 3 for Stars vs 0 for Blues.
Shots for this period are 10 for Stars vs 7 for Blues.




Output by the SimonT Hockey Simulator (STHS) for Eric Tremblay - Original Page W3C HTML5 Valid
Hockey Simulator - Hockey Simulation - Hockey Manager